 Dungeon Crawl Stone Soup version 0.30-a0-800-g7c544603b3 (webtiles) character file.

Game seed: 10158529449524869019

15 Ceno the Digger (level 2, 0/19 HPs)
             Began as a Formicid Earth Elementalist on Feb 22, 2023.
             Succumbed to a kobold's poison
             ... on level 1 of the Dungeon.
             The game lasted 00:02:45 (574 turns).

Ceno the Digger (Formicid Earth Elementalist)        Turns: 574, Time: 00:02:46

Health: 0/19       AC:  3    Str: 12    XL:     2   Next: 65%
Magic:  4/5        EV: 11    Int: 14    God:
Gold:   7          SH:  0    Dex: 14    Spells: 3/6 levels left

rFire   . . .      SeeInvis +    h - +1 short sword (venom)
rCold   . . .      Faith    .    (no shield)
rNeg    . . .      Spirit   .    d - +0 leather armour
rPois   .          Reflect  .    (helmet unavailable)
rElec   .          Harm     .    (no cloak)
rCorr   .          Rampage  .    (no gloves)
Will    .....                    (no boots)
Stlth   ++                       (no amulet)
HPRegen 0.23/turn                (no ring)
MPRegen 0.09/turn                (no ring)

@: lethally poisoned (0 -> -2)
A: permanent stasis, dig shafts and tunnels, antennae 3, four strong arms
a: Dig, Shaft Self


You were on level 1 of the Dungeon.
You visited 1 branch of the dungeon, and saw 1 of its levels.

You collected 7 gold pieces.

Inventory:

Hand Weapons
 h - a +1 short sword of venom (weapon)
Missiles
 c - 9 stones
 e - 2 poisoned darts
Armour
 d - a +0 leather armour (worn)
Scrolls
 a - a scroll of fear {unknown}
 g - a scroll of silence {unknown}
Potions
 b - a potion of magic


   Skills:
 - Level 1.7 Dodging
 * Level 3.5 Stealth
 + Level 2.5 Spellcasting
 - Level 1.1 Transmutations
 - Level 3.6 Earth Magic


You had 3 spell levels left.
You knew the following spells:

 Your Spells              Type           Power      Damage    Failure   Level
a - Sandblast             Erth           22%        2d7       6%          1
b - Passwall              Tmut/Erth      6%         N/A       16%         2

Your spell library contained the following spells:

 Spells                   Type           Power      Damage    Failure   Level
 Stone Arrow              Conj/Erth      12%        3d7       38%         3
 Petrify                  Tmut/Erth      8%         N/A       71%         4


Dungeon Overview and Level Annotations

Branches:
Dungeon (1/15)

Altars:


Innate Abilities, Weirdness & Mutations

You cannot be hasted, slowed, berserked, paralysed or teleported.
You can dig through walls and to a lower floor.
You have a pair of large antennae on your head. (SInv)
Your four strong arms can wield two-handed weapons with a shield.


Message History

Found a dagger.
You see here a +0 dagger.
A rat comes into view.
The helpless rat fails to defend itself.
You puncture the rat!
You kill the rat!
You see here a rat corpse.
You see here a +0 robe.
c - 9 stones (gained 5)
You sense a monster nearby.
A kobold comes into view.
It is wielding a +1 short sword of venom.
The kobold shouts!
You hit the kobold but do no damage.
The kobold hits you with a +1 short sword of venom.
You are lethally poisoned!
Casting: Sandblast (safe; 6% risk of failure)
Confirm with . or Enter, or press ? or * to list all spells.
Aiming: Sandblast (safe; 6% risk of failure)
Press: ? - help, Shift-Dir - straight line, f - kobold
Aim: a kobold, wielding a +1 short sword of venom (77% to hit)
The blast of sand hits the kobold.
You kill the kobold!
You feel very sick.
You feel sick.
You see here a +1 short sword of venom.
Your +1 short sword of venom begins to drip with poison!
h - a +1 short sword of venom (weapon)
You feel sick.
You drop a +0 dagger.
* * * LOW HITPOINT WARNING * * *
You feel sick.
There is a lethal amount of poison in your body!
Okay, then.
* * * LOW HITPOINT WARNING * * *
You feel sick.
* * * LOW HITPOINT WARNING * * *
You feel sick.
* * * LOW HITPOINT WARNING * * *
You feel sick.
You die...

##.. #.# #.. #...# #.#
##########.. #...### #.#
#......[.... #...###.#
#.###.......
####...#.####.# #.####..
#.............###'####..
#...###########.....##..
#.............+..#...###
#...#..@.### #.>#.†.#
#.....+....+ #..#...##
###...#....# ...##...#
#####....# .... #.†.## #
#....# ####. ##...# #
#....# .. #...# # ######
##... ##.. .. ##.


There were no monsters in sight!

Vanquished Creatures
  3 endoplasms (D:1)
  A quokka (D:1)
  A ball python (D:1)
  4 bats (D:1)
  A frilled lizard (D:1)
  3 goblins (D:1)
  3 kobolds (D:1)
  A rat (D:1)
17 creatures vanquished.

Notes
Turn   | Place    | Note
-------+----------+-------------------------------------------
     0 | D:1      | Ceno the Formicid Earth Elementalist began the quest for
                  | the Orb.
     0 | D:1      | Reached XP level 1. HP: 13/13 MP: 3/3
   288 | D:1      | Reached XP level 2. HP: 19/19 MP: 0/5
   294 | D:1      | Learned a level 2 spell: Passwall
   574 | D:1      | Succumbed to a kobold's poison

Illustrated notes

Levels and vault maps discovered:
D:1:      dpeg_arrival_arbitrary_c, layout_basic, serial_curves, eino_curves_03,
          eino_curves_01

Skill      XL: |  1 |
---------------+----+-----
Stealth        | 3 |  3.5
Dodging        | |  1.7
Spellcasting   | |  2.5
Transmutations | |  1.1
Earth Magic    | |  3.6

Action                     || total
---------------------------++-------
  Melee: Short sword       ||     9
         Dagger            ||     6
   Cast: Sandblast         ||    13
   Stab: Sleeping          ||     5
 Armour: Robe              ||     1
  Dodge: Dodged            ||     3

Table legend: (Time is in decaauts)
 A = Elapsed time spent in this place.
 B = Non-inter-level travel time spent in this place.
 C = Inter-level travel time spent in this place.
 D = Time resting spent in this place.
 E = Time spent auto-exploring this place.
 F = Levels seen in this place.
 G = Mean time per level.
                   A        B        C        D        E       F      G
               +--------+--------+--------+--------+--------+-----+--------+
         Total |    579 |    579 |      0 |    161 |    116 |   1 |  579.0 |
       Dungeon |    579 |    579 |      0 |    161 |    116 |   1 |  579.0 |
               +--------+--------+--------+--------+--------+-----+--------+

Top non-repeatable levels by time:
     D:1: 579 daAuts
